 Dungeon Crawl Stone Soup version 0.30-a0-964-gd452b5e7fa (webtiles) character file.

Game seed: 7791442588549330454

2314 cforsyth the Basher (level 9, -7/74 (75) HPs)
             Began as a Formicid Fighter on Mar 30, 2023.
             Was a Follower of Ru.
             Killed from afar by a steam dragon (14 damage)
             ... with a ball of steam
             ... on level 7 of the Dungeon.
             The game lasted 00:10:28 (6626 turns).

cforsyth the Basher (Formicid Fighter)              Turns: 6626, Time: 00:10:28

HP:   -7/74 (75)    AC: 13    Str: 25    XL:     9   Next: 68%
MP:   9/9           EV: 13    Int:  8    God:    Ru [*.....]
Gold: 305           SH: 10    Dex: 13    Spells: 8/8 levels left

rFire   . . .      SeeInvis +    a - +0 flail
rCold   . . .      Faith    .    c - +0 buckler
rNeg    . . .      Spirit   .    v - +0 chain mail {rPois}
rPois   +          Reflect  +    (helmet unavailable)
rElec   .          Rampage  .    (no cloak)
rCorr   .                        w - +2 pair of gloves {hurl}
Will    .....                    x - +0 pair of boots Stlth
                                 y - amulet of reflection
HPRegen 0.32/turn                A - +5 ring of evasion
MPRegen 0.11/turn                (no ring)

@: mighty, lightly drained
A: permanent stasis, dig shafts and tunnels, antennae 3, no air magic, no hexes
magic, no necromancy magic, four strong arms
a: Dig, Shaft Self, Renounce Religion


You were on level 7 of the Dungeon.
You worshipped Ru.
Ru was aware of your devotion.
You visited 1 branch of the dungeon, and saw 7 of its levels.
You also visited: Sewer.

You collected 305 gold pieces.

Inventory:

Hand Weapons
 a - a +0 flail (weapon)
Armour
 b - a +0 scale mail
 c - a +0 buckler (worn)
 v - a +0 chain mail of poison resistance (worn)
 w - a +2 pair of gloves of hurling (worn)
 x - a +0 pair of boots (worn)
Jewellery
 y - an amulet of reflection (around neck)
 A - a +5 ring of evasion (left hand)
Scrolls
 e - 2 scrolls of brand weapon {unknown}
 g - 2 scrolls of teleportation {unknown}
 h - a scroll of blinking {unknown}
 i - 7 scrolls of identify {unknown}
 j - 2 scrolls of fear {unknown}
 k - 2 scrolls of enchant weapon {unknown}
 l - 2 scrolls of silence {unknown}
 m - 2 scrolls of vulnerability {unknown}
 n - 2 scrolls of noise {unknown}
 o - 2 scrolls of magic mapping {unknown}
 q - a scroll of fog {unknown}
 C - 2 scrolls of enchant armour {unknown}
 D - a scroll of poison {unknown}
Potions
 d - 2 potions of might
 f - 3 potions of curing {unknown}
 p - 2 potions of haste {unknown}
 r - 4 potions of cancellation {unknown}
 s - 3 potions of mutation {unknown}
 t - 2 potions of resistance {unknown}
 u - 3 potions of heal wounds {unknown}
 z - a potion of magic {unknown}
 B - a potion of berserk rage {unknown}
 E - a potion of lignification {unknown}


   Skills:
 + Level 8.4 Fighting
 * Level 10.3 Maces & Flails
 - Level 3.2 Armour
 - Level 4.0 Shields


You had 8 spell levels left.
You didn't know any spells.
Your spell library contained the following spells:

 Spells                   Type           Power      Damage    Failure   Level
 Sandblast                Erth           0%         2d4       98%         1
 Lesser Beckoning         Tloc           0%         N/A       99%         2
 Momentum Strike          Conj/Tloc      0%         3d8       99%         2
 Passwall                 Tmut/Erth      0%         N/A       99%         2
 Stone Arrow              Conj/Erth      0%         3d7       100%        3
 Iskenderun's Mystic Bla  Conj/Tloc      0%         2d3       100%        4
 Passage of Golubria      Tloc           0%         N/A       100%        4
 Lee's Rapid Deconstruct  Erth           0%         3d4*      100%        5
 Necrotise                Necr           Unusable   1d4       N/A         1
 Blink                    Tloc           Unusable   N/A       N/A         2
 Kindle Blastsparks       Fire/Tloc/Air  Unusable   2d10      N/A         3
 Tukima's Dance           Hex            Unusable   N/A       N/A         3
 Vampiric Draining        Necr           Unusable   2d6       N/A         3
 Fulminant Prism          Conj/Hex       Unusable   3d5       N/A         4
 Agony                    Necr           Unusable   N/A       N/A         5
 Yara's Violent Unravell  Hex/Tmut       Unusable   3d3       N/A         5

Dungeon Overview and Level Annotations

Branches:
Dungeon (7/15)              Sewer (visited)
 Temple: D:4-7

Altars:
Cheibriados
Dithmenos
Ru

Shops:
D:1 [   D:2 ?

Annotations:
D:7 1 runed translucent door, Crazy Yiuf


Innate Abilities, Weirdness & Mutations

You cannot be hasted, slowed, berserked, paralysed or teleported.
You can dig through walls and to a lower floor.
You have a pair of large antennae on your head. (SInv)
You cannot study or cast Air magic.
You cannot study or cast Hexes magic.
You cannot study or cast Necromancy magic.
Your four strong arms can wield two-handed weapons with a shield.


Message History

You barely miss the wyvern.
The wyvern is heavily wounded.
The wyvern bites you. You block the wyvern's attack.
You sock the wyvern!
You kill the wyvern!
The steam dragon breathes steam at you. The ball of steam hits you.
You are engulfed in a cloud of scalding steam.
The steam dragon barely misses you. You block the steam dragon's attack.
The steam dragon breathes steam at you. The ball of steam hits you!
* * * LOW HITPOINT WARNING * * *
You barely miss the steam dragon.
The steam dragon is moderately wounded.
You are engulfed in a cloud of scalding steam.
You block the steam dragon's attack.
The steam dragon claws you but does no damage.
You closely miss the steam dragon.
The steam dragon is moderately wounded.
You are engulfed in a cloud of scalding steam.
The steam dragon bites you.
* * * LOW HITPOINT WARNING * * *
The steam dragon claws you.
* * * LOW HITPOINT WARNING * * *
You sock the steam dragon!
The steam dragon is heavily wounded.
You are engulfed in a cloud of scalding steam.
* * * LOW HITPOINT WARNING * * *
The steam dragon barely misses you. You block the steam dragon's attack.
You closely miss the steam dragon.
The steam dragon is heavily wounded.
You completely miss the steam dragon.
The steam dragon is heavily wounded.
The steam dragon closely misses you. The steam dragon claws you.
* * * LOW HITPOINT WARNING * * *
You closely miss the steam dragon.
The steam dragon is heavily wounded.
The steam dragon breathes steam at you. The ball of steam hits you!
You die...

.......... ≈≈≈####
........... ..≈≈≈##
#.......... #...≈≈#
........... #....≈#
#..........
#.....###........## #
#...###..........#
##.##.##........##...
#..§@D.#........##...
..##.##.##.............
.......................
....#..#............#..
#.# ####.#.........###.
# ###..........###
#.....#.....#
#....####.....# #....#
##...##


You could see a steam dragon (catching breath).

Vanquished Creatures
  2 wyverns
  4 ogres
  A centaur (D:5)
  2 phantoms
  2 bullfrogs (D:4)
  2 scorpions
  9 wights
  A howler monkey (D:5)
  2 orc priests
  A gnoll bouda (D:5)
  3 iguanas
  An orc wizard (D:4)
  2 sleepcaps
  7 gnolls
  15 adders
  11 river rats
  A white imp (D:3)
  An ufetubus (D:5)
  3 worms
  3 dart slugs
  21 orcs
  11 ball pythons
  3 bats
  10 endoplasms
  3 giant cockroaches
  7 goblins
  4 hobgoblins
  17 kobolds
  3 quokkas
  4 frilled lizards
  31 rats
187 creatures vanquished.

Vanquished Creatures (others)
  22 plants (D:5)
22 creatures vanquished.

Grand Total: 209 creatures vanquished

Notes
Turn   | Place    | Note
-------+----------+-------------------------------------------
     0 | D:1      | cforsyth the Formicid Fighter began the quest for the Orb.
     0 | D:1      | Reached XP level 1. HP: 18/18 MP: 1/1
    88 | D:1      | Reached XP level 2. HP: 20/24 MP: 2/2
   318 | D:1      | Found Ymnast's Antique Armour Boutique.
   327 | D:1      | Reached XP level 3. HP: 30/30 MP: 3/3
   347 | D:1      | Reached skill level 3 in Maces & Flails
   795 | D:2      | Reached XP level 4. HP: 35/37 MP: 4/4
  1003 | D:2      | Found Vysaowot's Magic Scroll Shoppe.
  1457 | D:3      | Found a glowing drain.
  1481 | D:3      | Reached skill level 4 in Maces & Flails
  1482 | D:3      | Reached XP level 5. HP: 34/42 MP: 5/5
  1536 | Sewer    | Entered a sewer
  1926 | Sewer    | Reached XP level 6. HP: 39/49 MP: 6/6
  2105 | Sewer    | Reached skill level 5 in Maces & Flails
  3218 | D:4      | Reached skill level 5 in Fighting
  3523 | D:4      | Noticed an ogre
  3531 | D:4      | Killed an ogre
  3532 | D:4      | Reached skill level 6 in Maces & Flails
  3532 | D:4      | Reached XP level 7. HP: 54/56 MP: 7/7
  3938 | D:4      | Found a shadowy altar of Dithmenos.
  3938 | D:4      | Found a sacrificial altar of Ru.
  3939 | D:4      | Found a snail-covered altar of Cheibriados.
  4007 | D:4      | Became a worshipper of Ru the Awakened
  4152 | D:5      | Entered Level 5 of the Dungeon
  4297 | D:5      | Reached skill level 7 in Maces & Flails
  4390 | D:5      | Reached XP level 8. HP: 59/64 MP: 8/8
  4926 | D:5      | Reached skill level 8 in Maces & Flails
  5365 | D:6      | Noticed a wyvern
  5373 | D:6      | Killed a wyvern
  5374 | D:6      | Reached XP level 9. HP: 51/72 MP: 9/9
  5498 | D:6      | Gained mutation: You cannot study or cast Air magic. [Ru
                  | sacrifice]
  5498 | D:6      | Gained mutation: You cannot study or cast Hexes magic. [Ru
                  | sacrifice]
  5498 | D:6      | Gained mutation: You cannot study or cast Necromancy magic.
                  | [Ru sacrifice]
  5498 | D:6      | Reached * piety under Ru
  5523 | D:6      | Reached skill level 9 in Maces & Flails
  6300 | D:7      | Reached skill level 10 in Maces & Flails
  6554 | D:7      | Found a runed translucent door.
  6555 | D:7      | Noticed Crazy Yiuf
  6626 | D:7      | Killed from afar by a steam dragon

Illustrated notes

Levels and vault maps discovered:
D:1:      kennysheep_arrival_forest, layout_basic, serial_shops, shop,
          minmay_bisected
D:2:      layout_loops_cross, serial_shops, nicolae_lakefront_shop,
          corexii_hall_statues_l
D:3:      layout_loops_cross, gup_sewer_entry_glass
D:4:      layout_basic, gammafunk_temple_overflow_claw, dk_noncrumbling_3
D:5:      wad_woods_tower, layout_rooms, minmay_misc_feat_diagonals
D:6:      layout_cave_pods
D:7:      cheibrodos_steamvent, layout_cave_pools, minmay_temple_entry_glass,
          hangedman_decor_push, uniq_joseph, uniq_maggie, uniq_prince_ribbit1,
          uniq_crazy_yiuf_cottage

Skill      XL: |  1  2  3  4  5  6  7  8  9 |
---------------+----------------------------+-----
Maces & Flails | 3 4 6 7 8 10 | 10.3
Fighting       | 4 5 6 7 8 |  8.4
Armour         | |  3.2
Shields        | |  4.0

Action                     |  1- 3 |  4- 6 |  7- 9 || total
---------------------------+-------+-------+-------++-------
  Melee: Flail             |    68 |   308 |   332 ||   708
 Invoke: Sacrifice Arcana  |       |       |     1 ||     1
    Use: Potion            |       |       |     1 ||     1
 Armour: Scale mail        |    31 |   122 |       ||   153
         Chain mail        |       |    42 |   134 ||   176
  Dodge: Dodged            |    29 |   194 |   130 ||   353
  Block: Buckler           |    19 |   141 |   184 ||   344
         Reflection        |       |     1 |     3 ||     4

Table legend: (Time is in decaauts)
 A = Elapsed time spent in this place.
 B = Non-inter-level travel time spent in this place.
 C = Inter-level travel time spent in this place.
 D = Time resting spent in this place.
 E = Time spent auto-exploring this place.
 F = Levels seen in this place.
 G = Mean time per level.
                   A        B        C        D        E       F      G
               +--------+--------+--------+--------+--------+-----+--------+
         Total |   6735 |   6448 |    287 |    427 |   4536 |   8 |  841.9 |
       Dungeon |   5756 |   5469 |    287 |    427 |   3875 |   7 |  822.3 |
         Sewer |    979 |    979 |      0 |      0 |    660 |   1 |  979.0 |
               +--------+--------+--------+--------+--------+-----+--------+

Top non-repeatable levels by time:
     D:5: 1253 daAuts
   Sewer: 979 daAuts
     D:3: 930 daAuts
     D:6: 861 daAuts
     D:4: 854 daAuts
     D:2: 780 daAuts
     D:1: 706 daAuts
     D:7: 370 daAuts
